[ AOE2 MATCH · #478687788 ]
UnrankedAztecs vs Huns
[ REPLAY ANALYSIS · EXTRACTED FROM THE RECORDED GAME ]
Feudal
11:21
Castle
14:58
Imperial
31:34
| APM avg | 22.1 |
| APM peak | 69 |
| eAPM avg | 15.7 |
| Villagers / military | 194 / 385 |
Focus
⚔️ 35.5% · 🌾 64.5%
Spearman ×235 · Skirmisher ×105 · Monk ×23 · Militia ×17 · Trade Cart ×5 · Mangonel ×3
Feudal
10:12
Castle
14:34
Imperial
48:49
| APM avg | 34.3 |
| APM peak | 79 |
| eAPM avg | 20.4 |
| Villagers / military | 252 / 51 |
Focus
⚔️ 18.2% · 🌾 81.8%
Skirmisher ×31 · Mangonel ×11 · Petard ×3 · Tarkan ×2 · Cavalry Archer ×2 · Monk ×1
Feudal
11:47
Castle
15:20
Imperial
27:15
| APM avg | 36.9 |
| APM peak | 74 |
| eAPM avg | 25.6 |
| Villagers / military | 198 / 1180 |
Focus
⚔️ 46.5% · 🌾 53.5%
Scout Cavalry ×376 · Spearman ×306 · Militia ×210 · Scorpion ×157 · Battering Ram ×115 · Trebuchet (Packed) ×8
Feudal
—
Castle
—
Imperial
—
| APM avg | 52.6 |
| APM peak | 118 |
| eAPM avg | 31.1 |
| Villagers / military | 218 / 358 |
Focus
⚔️ 26.2% · 🌾 73.8%
Spearman ×116 · Militia ×80 · Trade Cart ×67 · Knight ×54 · Scout Cavalry ×51 · Organ Gun ×31
Feudal
12:03
Castle
15:37
Imperial
37:17
| APM avg | 42.2 |
| APM peak | 97 |
| eAPM avg | 24.0 |
| Villagers / military | 219 / 515 |
Focus
⚔️ 41.5% · 🌾 58.5%
Scout Cavalry ×278 · Mangudai ×139 · Skirmisher ×51 · Trade Cart ×19 · Knight ×18 · Battering Ram ×12
Feudal
10:50
Castle
15:23
Imperial
31:18
| APM avg | 49.3 |
| APM peak | 122 |
| eAPM avg | 22.0 |
| Villagers / military | 187 / 730 |
Focus
⚔️ 44.8% · 🌾 55.2%
Spearman ×593 · Scorpion ×53 · Woad Raider ×44 · Mangonel ×26 · Battering Ram ×12 · Trade Cart ×10
Feudal
10:38
Castle
14:53
Imperial
31:01
| APM avg | 23.0 |
| APM peak | 47 |
| eAPM avg | 13.6 |
| Villagers / military | 210 / 443 |
Focus
⚔️ 29.6% · 🌾 70.4%
Skirmisher ×138 · Knight ×99 · Scout Cavalry ×79 · Throwing Axeman ×76 · Hand Cannoneer ×48 · Trebuchet (Packed) ×2
Feudal
10:26
Castle
14:07
Imperial
37:54
| APM avg | 60.6 |
| APM peak | 106 |
| eAPM avg | 36.1 |
| Villagers / military | 166 / 552 |
Focus
⚔️ 38.7% · 🌾 61.3%
Spearman ×275 · Hand Cannoneer ×181 · Bombard Cannon ×37 · Hussite Wagon ×34 · Battering Ram ×16 · Monk ×8
Match map
Initial resources + every placement click. Lines = walls · curves = elevation contours. ◆ gold · ⬟ stone · ● berries · ✦ relic · ◌ wall gap
Your base· ✓ Closed at 14:58 · 0t walls · 2 gate(s)
李雾月's base· ✓ Closed at 14:34 · 0t walls · 3 gate(s)
Droopy's base· ✓ Closed at 15:20 · 0t walls · 3 gate(s)
SimmaHem7912's base· ✓ Closed at 12:14 · 0t walls · 2 gate(s)
LuLALa's base· ✓ Closed at 15:37 · 2t walls · 2 gate(s)
Crawsack's base· ✓ Closed at 15:23 · 0t walls · 2 gate(s)
炸物好好吃's base· ✓ Closed at 14:53 · 0t walls · 2 gate(s)
lolazoo0.kev's base· ✓ Closed at 14:07 · 0t walls · 3 gate(s)
Smoothed initial terrain · ◌ = detected wall gap · hover for details
Inputs per minute
— bullmeister - - 李雾月
Build order — bullmeister
First 150 of 651 actions detected
| 0:01 | Create | Villager (Male) ×4 |
| 0:02 | Build | House |
| 0:04 | Build | House |
| 1:21 | Create | Villager (Male) |
| 1:21 | Create | Villager (Male) |
| 1:49 | Build | Lumber Camp |
| 2:04 | Create | Villager (Male) |
| 2:04 | Create | Villager (Male) |
| 2:05 | Create | Villager (Male) |
| 2:54 | Create | Villager (Male) |
| 3:10 | Create | Villager (Male) |
| 3:44 | Create | Villager (Male) |
| 3:49 | Build | House |
| 3:56 | Create | Villager (Male) |
| 3:57 | Create | Villager (Male) |
| 4:15 | Build | Mill |
| 4:19 | Create | Villager (Male) |
| 4:39 | Create | Villager (Male) |
| 5:16 | Create | Villager (Male) |
| 5:16 | Create | Villager (Male) |
| 5:33 | Build | House |
| 5:44 | Create | Villager (Male) |
| 5:44 | Create | Villager (Male) |
| 5:44 | Create | Villager (Male) |
| 6:01 | Build | Mill |
| 6:29 | Create | Villager (Male) |
| 6:46 | Build | Lumber Camp |
| 6:56 | Build | Farm |
| 7:03 | Create | Villager (Male) |
| 7:31 | Build | House |
| 7:36 | Create | Villager (Male) |
| 8:04 | Build | Farm |
| 8:20 | Create | Villager (Male) |
| 8:41 | Create | Villager (Male) |
| 8:53 | Build | Farm |
| 9:01 | Research | Feudal Age |
| 9:04 | Build | Mining Camp |
| 9:38 | Build | Farm |
| 9:41 | Build | Farm |
| 11:00 | Create | Villager (Male) |
| 11:21 | Age | Feudal Age |
| 11:26 | Build | Market |
| 11:29 | Build | Blacksmith |
| 11:44 | Create | Villager (Male) |
| 12:18 | Research | Castle Age |
| 13:06 | Research | Double-Bit Axe |
| 13:08 | Research | Horse Collar |
| 14:18 | Research | Loom |
| 14:58 | Age | Castle Age |
| 15:00 | Research | Bow Saw |
| 15:02 | Research | Gold Mining |
| 15:04 | Create | Villager (Male) |
| 15:38 | Create | Villager (Male) |
| 15:45 | Build | Monastery |
| 15:48 | Build | Siege Workshop |
| 15:54 | Create | Villager (Male) |
| 15:59 | Research | Heavy Plow |
| 16:05 | Build | Farm |
| 16:06 | Build | Farm |
| 16:13 | Build | Farm |
| 16:15 | Build | Farm |
| 16:16 | Create | Villager (Male) |
| 16:28 | Build | House |
| 16:32 | Research | Town Watch |
| 16:36 | Build | Outpost |
| 16:40 | Create | Mangonel |
| 16:42 | Create | Monk |
| 16:49 | Create | Villager (Male) |
| 17:00 | Build | House |
| 17:03 | Build | House |
| 17:14 | Create | Villager (Male) |
| 17:28 | Create | Mangonel |
| 17:31 | Build | House |
| 17:43 | Create | Monk |
| 17:48 | Build | Farm |
| 17:49 | Create | Villager (Male) |
| 17:58 | Build | House |
| 18:02 | Create | Mangonel |
| 18:09 | Create | Monk |
| 18:13 | Create | Villager (Male) |
| 18:52 | Create | Monk |
| 18:53 | Build | House |
| 18:55 | Build | House |
| 19:03 | Create | Villager (Male) |
| 19:08 | Build | Town Center |
| 19:20 | Create | Villager (Male) |
| 19:30 | Build | House |
| 19:33 | Create | Scorpion |
| 19:37 | Create | Villager (Male) |
| 19:57 | Create | Villager (Male) |
| 19:59 | Build | House |
| 20:10 | Create | Villager (Male) |
| 20:17 | Build | Farm |
| 20:17 | Build | Farm |
| 20:28 | Build | House |
| 20:33 | Create | Villager (Male) |
| 21:08 | Build | House |
| 21:19 | Create | Villager (Male) |
| 21:22 | Create | Villager (Male) |
| 21:27 | Build | Farm |
| 21:27 | Build | Farm |
| 21:29 | Build | Farm |
| 21:39 | Research | Redemption |
| 21:46 | Build | House |
| 22:10 | Create | Villager (Male) |
| 22:17 | Create | Villager (Male) |
| 22:28 | Research | Sanctity |
| 22:31 | Build | House |
| 22:35 | Build | Barracks |
| 22:51 | Create | Villager (Male) |
| 22:52 | Create | Villager (Male) |
| 23:36 | Create | Villager (Male) |
| 23:37 | Create | Villager (Male) |
| 23:37 | Create | Villager (Male) |
| 23:39 | Build | Farm |
| 23:39 | Build | Farm |
| 23:42 | Build | Farm |
| 23:42 | Build | Farm |
| 23:43 | Build | Farm |
| 23:44 | Build | Farm |
| 23:47 | Build | House |
| 24:00 | Create | Villager (Male) |
| 24:00 | Create | Villager (Male) |
| 24:22 | Build | Farm |
| 24:25 | Create | Villager (Male) |
| 24:25 | Create | Villager (Male) |
| 24:30 | Build | Mill |
| 24:31 | Build | Farm |
| 24:31 | Build | Farm |
| 24:31 | Build | Farm |
| 24:32 | Build | Farm |
| 24:32 | Build | Farm |
| 24:32 | Build | Farm |
| 24:36 | Build | Mill |
| 24:37 | Build | Farm |
| 24:37 | Build | Farm |
| 24:37 | Build | Farm |
| 24:37 | Build | Farm |
| 24:38 | Build | Farm |
| 24:38 | Build | Farm |
| 24:38 | Build | Farm |
| 24:50 | Create | Monk |
| 24:58 | Create | Spearman |
| 24:59 | Create | Spearman |
| 25:32 | Create | Spearman |
| 25:32 | Create | Spearman |
| 25:34 | Create | Monk |
| 25:45 | Create | Monk |
| 25:47 | Create | Villager (Male) |
| 25:47 | Create | Villager (Male) |
Build order — 李雾月
First 150 of 496 actions detected
| 0:01 | Create | Villager (Male) |
| 0:14 | Create | Villager (Male) |
| 0:15 | Create | Villager (Male) |
| 0:15 | Create | Villager (Male) |
| 0:15 | Create | Villager (Male) |
| 1:26 | Create | Villager (Male) |
| 1:26 | Create | Villager (Male) |
| 1:44 | Build | Lumber Camp |
| 1:54 | Create | Villager (Male) |
| 2:20 | Create | Villager (Male) |
| 2:20 | Create | Villager (Male) |
| 2:46 | Create | Villager (Male) |
| 2:46 | Create | Villager (Male) |
| 3:03 | Create | Villager (Male) |
| 3:03 | Create | Villager (Male) |
| 3:29 | Create | Villager (Male) |
| 3:30 | Create | Villager (Male) |
| 3:45 | Create | Villager (Male) |
| 3:45 | Create | Villager (Male) |
| 4:18 | Build | Mill |
| 4:31 | Create | Villager (Male) |
| 4:31 | Create | Villager (Male) |
| 4:31 | Create | Villager (Male) |
| 4:31 | Create | Villager (Male) |
| 4:32 | Create | Villager (Male) |
| 5:39 | Create | Villager (Male) |
| 6:21 | Create | Villager (Male) |
| 6:26 | Create | Villager (Male) |
| 6:51 | Build | Mining Camp |
| 6:55 | Create | Villager (Male) |
| 7:21 | Create | Villager (Male) |
| 8:02 | Research | Feudal Age |
| 8:03 | Research | Feudal Age |
| 8:29 | Build | Mill |
| 9:06 | Create | Villager (Male) |
| 9:07 | Create | Villager (Male) |
| 9:33 | Build | Farm |
| 9:59 | Build | Farm |
| 10:12 | Age | Feudal Age |
| 10:14 | Build | Market |
| 10:17 | Build | Blacksmith |
| 10:44 | Build | Farm |
| 11:07 | Build | Farm |
| 11:54 | Research | Castle Age |
| 11:54 | Research | Castle Age |
| 11:54 | Research | Castle Age |
| 12:07 | Build | Lumber Camp |
| 12:40 | Research | Double-Bit Axe |
| 12:40 | Research | Double-Bit Axe |
| 12:41 | Research | Horse Collar |
| 14:34 | Age | Castle Age |
| 14:35 | Create | Villager (Male) |
| 14:39 | Research | Bow Saw |
| 14:44 | Build | Town Center |
| 14:51 | Build | Farm |
| 15:05 | Build | Farm |
| 15:29 | Create | Villager (Male) |
| 15:32 | Build | Monastery |
| 15:34 | Create | Villager (Male) |
| 15:58 | Build | Farm |
| 16:17 | Create | Monk |
| 16:20 | Create | Villager (Male) |
| 16:22 | Build | Farm |
| 16:23 | Build | Farm |
| 16:26 | Build | Farm |
| 16:28 | Create | Villager (Male) |
| 16:36 | Build | Farm |
| 16:37 | Create | Villager (Male) |
| 16:39 | Create | Villager (Male) |
| 16:52 | Create | Villager (Male) |
| 17:02 | Create | Villager (Male) |
| 17:06 | Build | Farm |
| 17:15 | Build | Town Center |
| 17:22 | Build | Farm |
| 17:32 | Build | Siege Workshop |
| 17:33 | Create | Villager (Male) |
| 17:37 | Build | Mining Camp |
| 17:40 | Create | Villager (Male) |
| 17:51 | Build | Stone Wall |
| 18:00 | Build | Stone Wall |
| 18:11 | Create | Villager (Male) |
| 18:13 | Create | Mangonel |
| 18:19 | Build | Stone Wall |
| 18:20 | Create | Villager (Male) |
| 18:24 | Create | Villager (Male) |
| 18:25 | Create | Villager (Male) |
| 18:27 | Build | Farm |
| 18:32 | Build | Farm |
| 18:32 | Create | Villager (Male) |
| 18:33 | Create | Villager (Male) |
| 18:52 | Build | Stone Wall |
| 19:01 | Build | Stone Wall |
| 19:16 | Create | Villager (Male) |
| 19:21 | Build | Farm |
| 19:28 | Create | Villager (Male) |
| 19:35 | Create | Villager (Male) |
| 19:37 | Research | Stone Mining |
| 19:37 | Research | Stone Mining |
| 19:40 | Build | Stone Wall |
| 19:43 | Create | Mangonel |
| 19:44 | Create | Villager (Male) |
| 19:54 | Create | Villager (Male) |
| 20:07 | Create | Villager (Male) |
| 20:07 | Create | Villager (Male) |
| 20:13 | Build | Farm |
| 20:14 | Build | Farm |
| 20:14 | Build | Farm |
| 20:14 | Build | Farm |
| 20:16 | Create | Villager (Male) |
| 20:26 | Create | Villager (Male) |
| 20:34 | Create | Villager (Male) |
| 20:43 | Research | Loom |
| 20:44 | Research | Loom |
| 20:56 | Build | Farm |
| 20:57 | Create | Villager (Male) |
| 21:03 | Research | Heavy Plow |
| 21:03 | Research | Heavy Plow |
| 21:13 | Create | Villager (Male) |
| 21:21 | Create | Villager (Male) |
| 21:26 | Build | Farm |
| 21:28 | Build | Farm |
| 21:31 | Create | Villager (Male) |
| 21:38 | Create | Villager (Male) |
| 21:48 | Build | Farm |
| 21:57 | Create | Villager (Male) |
| 22:06 | Research | Wheelbarrow |
| 22:06 | Research | Wheelbarrow |
| 22:17 | Build | Town Center |
| 22:21 | Create | Villager (Male) |
| 22:31 | Build | Farm |
| 22:41 | Create | Villager (Male) |
| 22:50 | Create | Villager (Male) |
| 22:59 | Build | Stone Wall |
| 23:20 | Create | Villager (Male) |
| 23:31 | Build | Castle |
| 23:33 | Create | Mangonel |
| 23:41 | Create | Villager (Male) |
| 24:00 | Create | Villager (Male) |
| 24:10 | Create | Villager (Male) |
| 24:10 | Create | Villager (Male) |
| 24:11 | Create | Villager (Male) |
| 24:11 | Create | Villager (Male) |
| 24:11 | Create | Villager (Male) |
| 24:21 | Build | Castle |
| 24:27 | Build | Stone Wall |
| 24:58 | Build | Siege Workshop |
| 25:19 | Build | Farm |
| 25:23 | Create | Petard |
| 25:32 | Create | Villager (Male) |
| 25:32 | Create | Villager (Male) |
Build order — Droopy
First 150 of 932 actions detected
| 0:00 | Create | Villager (Male) |
| 0:02 | Build | House |
| 0:03 | Build | House |
| 0:11 | Create | Villager (Male) ×3 |
| 0:11 | Create | Villager (Male) ×3 |
| 1:31 | Create | Villager (Male) |
| 1:55 | Build | Lumber Camp |
| 2:01 | Create | Villager (Male) |
| 2:23 | Create | Villager (Male) |
| 2:51 | Create | Villager (Male) |
| 2:51 | Create | Villager (Male) |
| 3:19 | Create | Villager (Male) |
| 3:46 | Create | Villager (Male) |
| 3:46 | Create | Villager (Male) |
| 3:50 | Build | House |
| 4:05 | Create | Villager (Male) |
| 4:05 | Create | Villager (Male) |
| 4:37 | Create | Villager (Male) |
| 4:51 | Create | Villager (Male) |
| 5:02 | Create | Villager (Male) |
| 5:11 | Build | House |
| 5:30 | Build | Mill |
| 5:42 | Create | Villager (Male) |
| 6:02 | Create | Villager (Male) |
| 6:26 | Create | Villager (Male) |
| 6:40 | Create | Villager (Male) |
| 6:49 | Build | House |
| 7:01 | Create | Villager (Male) |
| 7:06 | Create | Villager (Male) |
| 7:10 | Build | Farm |
| 7:36 | Build | House |
| 7:37 | Create | Villager (Male) |
| 7:46 | Build | Farm |
| 8:26 | Build | Mining Camp |
| 8:31 | Build | Mining Camp |
| 8:33 | Create | Villager (Male) |
| 8:44 | Build | Farm |
| 9:08 | Create | Villager (Male) |
| 9:23 | Build | Farm |
| 9:33 | Research | Feudal Age |
| 10:30 | Build | Farm |
| 11:04 | Create | Villager (Male) |
| 11:04 | Create | Villager (Male) |
| 11:24 | Build | House |
| 11:47 | Age | Feudal Age |
| 11:50 | Build | Market |
| 11:52 | Build | Blacksmith |
| 12:40 | Research | Castle Age |
| 12:40 | Research | Castle Age |
| 12:40 | Research | Castle Age |
| 13:02 | Research | Double-Bit Axe |
| 13:03 | Research | Double-Bit Axe |
| 14:39 | Research | Horse Collar |
| 14:41 | Research | Gold Mining |
| 15:11 | Create | Villager (Male) |
| 15:11 | Create | Villager (Male) |
| 15:20 | Age | Castle Age |
| 15:31 | Build | Town Center |
| 15:40 | Build | Monastery |
| 15:49 | Build | Town Center |
| 15:55 | Research | Bow Saw |
| 16:01 | Research | Heavy Plow |
| 16:01 | Research | Heavy Plow |
| 16:24 | Create | Villager (Male) |
| 16:30 | Build | Farm |
| 16:32 | Create | Monk |
| 16:45 | Create | Villager (Male) |
| 16:58 | Build | Farm |
| 17:01 | Build | Farm |
| 17:04 | Create | Villager (Male) |
| 17:05 | Create | Villager (Male) |
| 17:05 | Create | Villager (Male) |
| 17:05 | Create | Villager (Male) |
| 17:10 | Create | Villager (Male) |
| 17:10 | Create | Villager (Male) |
| 17:20 | Build | Farm |
| 17:21 | Create | Villager (Male) |
| 17:22 | Create | Villager (Male) |
| 17:22 | Create | Villager (Male) |
| 17:25 | Build | Farm |
| 17:30 | Create | Monk |
| 17:40 | Create | Villager (Male) |
| 17:40 | Create | Villager (Male) |
| 17:40 | Create | Villager (Male) |
| 17:47 | Build | Farm |
| 17:50 | Build | Farm |
| 17:51 | Build | Farm |
| 17:52 | Create | Villager (Male) |
| 17:52 | Create | Villager (Male) |
| 18:11 | Create | Villager (Male) |
| 18:11 | Create | Villager (Male) |
| 18:11 | Create | Villager (Male) |
| 18:14 | Build | Farm |
| 18:24 | Build | Farm |
| 18:27 | Create | Villager (Male) |
| 18:27 | Create | Villager (Male) |
| 18:29 | Create | Villager (Male) |
| 18:29 | Create | Villager (Male) |
| 18:30 | Create | Villager (Male) |
| 18:30 | Create | Villager (Male) |
| 18:35 | Build | House |
| 18:36 | Build | House |
| 18:38 | Create | Villager (Male) |
| 18:38 | Create | Villager (Male) |
| 18:39 | Create | Villager (Male) |
| 18:45 | Build | Mill |
| 18:46 | Build | Farm |
| 18:46 | Build | Farm |
| 18:46 | Build | Farm |
| 18:47 | Build | Farm |
| 18:47 | Build | Farm |
| 18:47 | Build | Farm |
| 18:49 | Create | Villager (Male) |
| 18:49 | Create | Villager (Male) |
| 18:52 | Build | Farm |
| 18:59 | Build | Farm |
| 19:01 | Create | Villager (Male) |
| 19:01 | Create | Villager (Male) |
| 19:18 | Create | Villager (Male) |
| 19:19 | Create | Villager (Male) |
| 19:19 | Create | Villager (Male) |
| 19:23 | Build | Farm |
| 19:32 | Create | Villager (Male) |
| 19:32 | Create | Villager (Male) |
| 19:32 | Create | Villager (Male) |
| 19:35 | Build | Farm |
| 19:38 | Build | Farm |
| 19:39 | Create | Villager (Male) |
| 19:40 | Create | Villager (Male) |
| 19:40 | Create | Villager (Male) |
| 19:46 | Build | House |
| 19:47 | Build | House |
| 19:58 | Create | Villager (Male) |
| 19:59 | Create | Villager (Male) |
| 19:59 | Create | Villager (Male) |
| 20:03 | Build | Farm |
| 20:04 | Build | Farm |
| 20:06 | Create | Villager (Male) |
| 20:06 | Create | Villager (Male) |
| 20:10 | Build | Mill |
| 20:11 | Create | Villager (Male) |
| 20:12 | Create | Villager (Male) |
| 20:27 | Create | Villager (Male) |
| 20:28 | Create | Villager (Male) |
| 20:28 | Create | Villager (Male) |
| 20:34 | Build | Mining Camp |
| 20:35 | Create | Villager (Male) |
| 20:36 | Create | Villager (Male) |
| 20:42 | Build | Farm |
| 20:44 | Create | Villager (Male) |
Build order — SimmaHem7912
First 150 of 699 actions detected
| 0:02 | Create | Villager (Male) |
| 0:02 | Create | Villager (Male) |
| 0:02 | Create | Villager (Male) |
| 0:03 | Build | House |
| 0:04 | Create | Villager (Male) |
| 0:05 | Build | House |
| 1:29 | Create | Villager (Male) |
| 1:30 | Create | Villager (Male) |
| 2:02 | Create | Villager (Male) |
| 2:02 | Create | Villager (Male) |
| 2:06 | Build | Mill |
| 2:16 | Create | Villager (Male) |
| 2:17 | Create | Villager (Male) |
| 2:45 | Create | Villager (Male) |
| 3:12 | Create | Villager (Male) |
| 3:21 | Create | Villager (Male) |
| 3:40 | Create | Villager (Male) |
| 3:49 | Build | House |
| 3:50 | Create | Villager (Male) |
| 3:50 | Create | Villager (Male) |
| 4:02 | Create | Villager (Male) |
| 4:17 | Create | Villager (Male) |
| 4:21 | Create | Villager (Male) |
| 4:53 | Create | Villager (Male) |
| 4:53 | Create | Villager (Male) |
| 5:12 | Create | Villager (Male) |
| 5:43 | Create | Villager (Male) |
| 5:45 | Build | House |
| 6:05 | Create | Villager (Male) |
| 6:18 | Create | Villager (Male) |
| 7:04 | Build | Mill |
| 7:59 | Research | Loom |
| 8:20 | Build | Lumber Camp |
| 8:32 | Create | Villager (Male) |
| 9:12 | Research | Feudal Age |
| 9:21 | Build | House |
| 10:42 | Create | Villager (Male) |
| 10:51 | Build | Mining Camp |
| 11:00 | Create | Villager (Male) |
| 11:24 | Build | Market |
| 11:27 | Build | Blacksmith |
| 11:28 | Create | Villager (Male) |
| 12:14 | Research | Castle Age |
| 12:24 | Research | Double-Bit Axe |
| 14:14 | Create | Villager (Male) |
| 14:41 | Create | Villager (Male) |
| 14:59 | Build | Town Center |
| 15:00 | Build | Town Center |
| 15:02 | Create | Villager (Male) |
| 15:27 | Build | Town Center |
| 15:29 | Create | Villager (Male) |
| 15:35 | Build | House |
| 15:39 | Research | Bow Saw |
| 15:45 | Create | Villager (Male) |
| 15:49 | Build | House |
| 15:52 | Research | Horse Collar |
| 16:13 | Create | Villager (Male) |
| 16:19 | Create | Villager (Male) |
| 16:27 | Create | Villager (Male) |
| 16:35 | Build | Farm |
| 16:36 | Build | Farm |
| 16:38 | Build | Farm |
| 16:40 | Build | Farm |
| 16:41 | Create | Villager (Male) |
| 16:46 | Build | Farm |
| 16:47 | Build | Farm |
| 16:48 | Build | Farm |
| 16:49 | Build | Farm |
| 16:50 | Create | Villager (Male) |
| 16:57 | Create | Villager (Male) |
| 17:01 | Build | Farm |
| 17:02 | Build | Farm |
| 17:06 | Build | Farm |
| 17:08 | Build | Farm |
| 17:10 | Build | Farm |
| 17:10 | Build | Farm |
| 17:11 | Build | Farm |
| 17:11 | Build | Farm |
| 17:12 | Create | Villager (Male) |
| 17:27 | Create | Villager (Male) |
| 17:29 | Build | Farm |
| 17:32 | Create | Villager (Male) |
| 17:40 | Create | Villager (Male) |
| 17:43 | Build | Farm |
| 17:51 | Build | Farm |
| 17:53 | Create | Villager (Male) |
| 18:00 | Create | Villager (Male) |
| 18:02 | Build | House |
| 18:08 | Create | Villager (Male) |
| 18:20 | Build | Farm |
| 18:25 | Create | Villager (Male) |
| 18:26 | Create | Villager (Male) |
| 18:28 | Build | House |
| 18:30 | Create | Villager (Male) |
| 18:36 | Build | Farm |
| 18:37 | Build | Farm |
| 18:37 | Build | Farm |
| 18:45 | Research | Wheelbarrow |
| 18:51 | Create | Villager (Male) |
| 18:53 | Build | Farm |
| 19:01 | Create | Villager (Male) |
| 19:15 | Build | Farm |
| 19:16 | Create | Villager (Male) |
| 19:19 | Build | Farm |
| 19:20 | Build | Farm |
| 19:21 | Create | Villager (Male) |
| 19:31 | Build | House |
| 19:32 | Create | Villager (Male) |
| 19:40 | Build | Farm |
| 19:41 | Create | Villager (Male) |
| 19:47 | Build | Farm |
| 19:58 | Create | Villager (Male) |
| 19:58 | Create | Villager (Male) |
| 20:00 | Create | Villager (Male) |
| 20:02 | Build | Farm |
| 20:03 | Create | Villager (Male) |
| 20:13 | Build | House |
| 20:13 | Create | Villager (Male) |
| 20:25 | Create | Villager (Male) |
| 20:28 | Build | Farm |
| 20:31 | Build | Farm |
| 20:36 | Build | Farm |
| 20:37 | Create | Villager (Male) |
| 20:37 | Create | Villager (Male) |
| 20:37 | Create | Villager (Male) |
| 20:45 | Create | Villager (Male) |
| 20:49 | Build | House |
| 20:50 | Build | House |
| 20:51 | Create | Villager (Male) |
| 20:54 | Build | Farm |
| 20:56 | Create | Villager (Male) |
| 20:57 | Create | Villager (Male) |
| 21:11 | Create | Villager (Male) |
| 21:15 | Create | Villager (Male) |
| 21:24 | Create | Villager (Male) |
| 21:26 | Build | Farm |
| 21:27 | Build | Farm |
| 21:29 | Build | Lumber Camp |
| 21:30 | Create | Villager (Male) |
| 21:38 | Create | Villager (Male) |
| 21:44 | Build | Farm |
| 21:45 | Create | Villager (Male) |
| 21:48 | Research | Gold Mining |
| 21:50 | Create | Villager (Male) |
| 21:53 | Create | Villager (Male) |
| 22:05 | Create | Villager (Male) |
| 22:07 | Build | Farm |
| 22:13 | Build | University |
| 22:15 | Create | Villager (Male) |
| 22:20 | Build | House |
Build order — LuLALa
First 150 of 651 actions detected
| 0:06 | Build | House |
| 0:07 | Build | House |
| 0:29 | Create | Villager (Male) |
| 0:29 | Create | Villager (Male) |
| 0:29 | Create | Villager (Male) |
| 0:29 | Create | Villager (Male) |
| 1:39 | Create | Villager (Male) |
| 1:39 | Create | Villager (Male) |
| 2:14 | Create | Villager (Male) |
| 2:14 | Create | Villager (Male) |
| 2:17 | Build | Lumber Camp |
| 2:28 | Create | Villager (Male) |
| 2:28 | Create | Villager (Male) |
| 2:59 | Create | Villager (Male) |
| 3:00 | Create | Villager (Male) |
| 3:14 | Create | Villager (Male) |
| 4:01 | Create | Villager (Male) |
| 4:01 | Create | Villager (Male) |
| 4:14 | Create | Villager (Male) |
| 4:14 | Create | Villager (Male) |
| 4:21 | Build | House |
| 4:23 | Build | House |
| 4:24 | Build | House |
| 4:29 | Create | Villager (Male) |
| 4:29 | Create | Villager (Male) |
| 4:29 | Create | Villager (Male) |
| 4:33 | Create | Villager (Male) |
| 4:53 | Create | Villager (Male) |
| 4:53 | Create | Villager (Male) |
| 5:09 | Build | Mill |
| 5:12 | Create | Villager (Male) |
| 5:12 | Create | Villager (Male) |
| 5:22 | Create | Villager (Male) |
| 5:22 | Create | Villager (Male) |
| 5:27 | Create | Villager (Male) |
| 5:27 | Create | Villager (Male) |
| 5:56 | Create | Villager (Male) |
| 5:57 | Create | Villager (Male) |
| 5:58 | Build | Farm |
| 6:27 | Build | Farm |
| 7:13 | Build | Farm |
| 8:13 | Create | Villager (Male) |
| 8:15 | Create | Villager (Male) |
| 8:15 | Create | Villager (Male) |
| 8:15 | Create | Villager (Male) |
| 9:25 | Build | Mining Camp |
| 9:43 | Research | Feudal Age |
| 11:22 | Build | Lumber Camp |
| 11:25 | Create | Villager (Male) |
| 11:26 | Create | Villager (Male) |
| 12:03 | Age | Feudal Age |
| 12:06 | Build | Market |
| 12:09 | Build | Blacksmith |
| 12:18 | Research | Double-Bit Axe |
| 12:29 | Research | Horse Collar |
| 12:32 | Build | Farm |
| 12:45 | Build | House |
| 12:46 | Build | House |
| 12:47 | Build | Palisade Wall |
| 12:48 | Build | Palisade Wall |
| 12:57 | Research | Castle Age |
| 12:58 | Research | Castle Age |
| 12:58 | Research | Castle Age |
| 14:16 | Build | House |
| 14:17 | Build | House |
| 15:06 | Create | Villager (Male) |
| 15:12 | Create | Villager (Male) |
| 15:20 | Create | Villager (Male) |
| 15:37 | Build | House |
| 15:37 | Age | Castle Age |
| 15:38 | Create | Villager (Male) |
| 15:39 | Create | Villager (Male) |
| 15:42 | Build | Town Center |
| 15:50 | Build | Town Center |
| 16:03 | Create | Villager (Male) |
| 16:24 | Build | Siege Workshop |
| 16:26 | Build | House |
| 16:38 | Build | Farm |
| 16:38 | Build | Farm |
| 16:39 | Build | Farm |
| 16:39 | Build | Farm |
| 16:40 | Build | Farm |
| 17:13 | Research | Bow Saw |
| 17:17 | Create | Villager (Male) |
| 17:18 | Create | Villager (Male) |
| 17:18 | Create | Villager (Male) |
| 17:21 | Create | Villager (Male) |
| 17:21 | Create | Villager (Male) |
| 17:27 | Build | House |
| 17:34 | Create | Mangonel |
| 17:43 | Research | Fletching |
| 17:50 | Create | Villager (Male) |
| 17:57 | Build | Farm |
| 18:06 | Build | House |
| 18:07 | Build | House |
| 18:17 | Create | Villager (Male) |
| 18:17 | Create | Villager (Male) |
| 18:18 | Create | Villager (Male) |
| 18:21 | Build | Farm |
| 18:22 | Create | Villager (Male) |
| 18:49 | Create | Villager (Male) |
| 18:51 | Build | Farm |
| 19:03 | Create | Mangonel |
| 19:04 | Create | Villager (Male) |
| 19:04 | Create | Villager (Male) |
| 19:14 | Build | Barracks |
| 19:18 | Create | Villager (Male) |
| 19:19 | Create | Villager (Male) |
| 19:24 | Build | Farm |
| 19:26 | Build | Farm |
| 19:27 | Build | Farm |
| 19:31 | Build | Farm |
| 19:32 | Create | Villager (Male) |
| 19:42 | Build | House |
| 19:47 | Create | Villager (Male) |
| 19:47 | Create | Villager (Male) |
| 19:52 | Build | Farm |
| 20:03 | Build | Farm |
| 20:05 | Create | Villager (Male) |
| 20:05 | Create | Villager (Male) |
| 20:05 | Create | Villager (Male) |
| 20:08 | Build | Farm |
| 20:10 | Build | Stable |
| 20:13 | Create | Villager (Male) |
| 20:14 | Create | Villager (Male) |
| 20:23 | Build | Farm |
| 20:27 | Build | Stable |
| 20:31 | Build | Farm |
| 20:32 | Create | Villager (Male) |
| 20:32 | Create | Villager (Male) |
| 20:35 | Create | Villager (Male) |
| 20:35 | Create | Villager (Male) |
| 20:36 | Create | Villager (Male) |
| 20:39 | Build | Farm |
| 20:50 | Create | Villager (Male) |
| 20:50 | Create | Villager (Male) |
| 20:51 | Create | Villager (Male) |
| 21:01 | Create | Villager (Male) |
| 21:01 | Create | Villager (Male) |
| 21:03 | Build | Farm |
| 21:05 | Build | Farm |
| 21:13 | Research | Light Cavalry (upgrade) |
| 21:15 | Create | Scout Cavalry |
| 21:16 | Create | Scout Cavalry |
| 21:22 | Build | Farm |
| 21:25 | Build | Farm |
| 21:26 | Create | Villager (Male) |
| 21:26 | Create | Villager (Male) |
| 21:39 | Create | Villager (Male) |
| 21:43 | Create | Villager (Male) |
Build order — Crawsack
First 150 of 804 actions detected
| 0:01 | Create | Villager (Male) |
| 0:02 | Create | Villager (Male) |
| 0:02 | Create | Villager (Male) |
| 0:02 | Create | Villager (Male) |
| 0:02 | Create | Villager (Male) |
| 0:04 | Build | House |
| 0:06 | Build | House |
| 1:30 | Create | Villager (Male) |
| 2:00 | Build | Lumber Camp |
| 2:01 | Create | Villager (Male) |
| 2:23 | Create | Villager (Male) |
| 2:23 | Create | Villager (Male) |
| 2:51 | Create | Villager (Male) |
| 2:52 | Create | Villager (Male) |
| 3:18 | Create | Villager (Male) |
| 3:32 | Build | House |
| 4:01 | Create | Villager (Male) |
| 4:02 | Create | Villager (Male) |
| 4:06 | Create | Villager (Male) |
| 4:32 | Build | Mill |
| 5:03 | Create | Villager (Male) |
| 5:04 | Create | Villager (Male) |
| 5:04 | Create | Villager (Male) |
| 5:04 | Create | Villager (Male) |
| 5:22 | Build | House |
| 6:34 | Build | Farm |
| 6:35 | Create | Villager (Male) |
| 6:35 | Create | Villager (Male) |
| 6:43 | Build | Lumber Camp |
| 6:53 | Create | Villager (Male) |
| 7:20 | Create | Villager (Male) |
| 7:44 | Build | Mining Camp |
| 8:04 | Create | Villager (Male) |
| 8:23 | Create | Villager (Male) |
| 8:34 | Build | Farm |
| 8:39 | Research | Feudal Age |
| 9:03 | Create | Villager (Male) |
| 9:05 | Build | Farm |
| 9:44 | Build | House |
| 10:14 | Build | Farm |
| 10:15 | Build | Farm |
| 10:42 | Build | Farm |
| 10:50 | Age | Feudal Age |
| 10:53 | Build | Market |
| 10:55 | Build | Blacksmith |
| 11:26 | Create | Villager (Male) |
| 11:26 | Create | Villager (Male) |
| 11:47 | Build | Farm |
| 12:05 | Build | Farm |
| 12:43 | Research | Castle Age |
| 13:16 | Build | Mining Camp |
| 13:29 | Research | Double-Bit Axe |
| 13:29 | Research | Horse Collar |
| 15:23 | Age | Castle Age |
| 15:26 | Build | Town Center |
| 15:32 | Create | Villager (Male) |
| 15:32 | Create | Villager (Male) |
| 15:39 | Build | Town Center |
| 16:01 | Research | Bow Saw |
| 16:20 | Create | Villager (Male) |
| 16:26 | Build | Farm |
| 16:29 | Create | Villager (Male) |
| 16:50 | Create | Villager (Male) |
| 16:58 | Build | Farm |
| 17:00 | Create | Villager (Male) |
| 17:00 | Create | Villager (Male) |
| 17:02 | Build | Farm |
| 17:03 | Build | Farm |
| 17:04 | Build | Farm |
| 17:13 | Create | Villager (Male) |
| 17:25 | Build | Farm |
| 17:28 | Create | Villager (Male) |
| 17:37 | Build | House |
| 17:38 | Build | House |
| 17:40 | Create | Villager (Male) |
| 17:40 | Create | Villager (Male) |
| 17:43 | Build | Farm |
| 17:48 | Create | Villager (Male) |
| 17:58 | Build | Farm |
| 18:00 | Create | Villager (Male) |
| 18:04 | Build | Farm |
| 18:09 | Research | Heavy Plow |
| 18:09 | Research | Heavy Plow |
| 18:16 | Build | House |
| 18:18 | Create | Villager (Male) |
| 18:26 | Build | Farm |
| 18:27 | Create | Villager (Male) |
| 18:33 | Build | Farm |
| 18:34 | Create | Villager (Male) |
| 18:47 | Create | Villager (Male) |
| 18:50 | Build | Farm |
| 18:54 | Build | Farm |
| 19:06 | Create | Villager (Male) |
| 19:06 | Create | Villager (Male) |
| 19:10 | Build | Farm |
| 19:11 | Create | Villager (Male) |
| 19:19 | Create | Villager (Male) |
| 19:23 | Build | Farm |
| 19:28 | Build | Farm |
| 19:30 | Create | Villager (Male) |
| 19:31 | Create | Villager (Male) |
| 19:35 | Build | Farm |
| 19:43 | Build | Farm |
| 19:45 | Create | Villager (Male) |
| 19:50 | Build | Farm |
| 19:56 | Build | Farm |
| 19:57 | Create | Villager (Male) |
| 19:58 | Create | Villager (Male) |
| 19:58 | Create | Villager (Male) |
| 19:59 | Create | Villager (Male) |
| 20:14 | Research | Stone Mining |
| 20:20 | Build | Farm |
| 20:21 | Create | Villager (Male) |
| 20:24 | Build | Farm |
| 20:26 | Create | Villager (Male) |
| 20:31 | Build | Farm |
| 20:31 | Build | Farm |
| 20:33 | Create | Villager (Male) |
| 20:37 | Build | House |
| 20:39 | Create | Villager (Male) |
| 20:47 | Build | House |
| 20:52 | Research | Town Watch |
| 21:01 | Research | Wheelbarrow |
| 21:01 | Research | Wheelbarrow |
| 21:03 | Research | Loom |
| 21:06 | Create | Villager (Male) |
| 21:06 | Create | Villager (Male) |
| 21:08 | Build | House |
| 21:11 | Build | House |
| 21:13 | Build | House |
| 21:17 | Build | House |
| 21:21 | Create | Villager (Male) |
| 21:30 | Create | Villager (Male) |
| 21:40 | Build | Castle |
| 21:42 | Create | Villager (Male) |
| 21:42 | Create | Villager (Male) |
| 21:47 | Create | Villager (Male) |
| 21:58 | Create | Villager (Male) |
| 22:04 | Build | Farm |
| 22:06 | Build | Farm |
| 22:07 | Build | Farm |
| 22:08 | Build | Mill |
| 22:12 | Build | Farm |
| 22:13 | Create | Villager (Male) |
| 22:16 | Build | Farm |
| 22:41 | Build | Castle |
| 22:49 | Create | Villager (Male) |
| 22:49 | Create | Villager (Male) |
| 22:49 | Create | Villager (Male) |
| 22:54 | Build | Farm |
Build order — 炸物好好吃
First 150 of 470 actions detected
| 0:03 | Build | House |
| 0:04 | Build | House |
| 0:06 | Create | Villager (Male) ×4 |
| 1:31 | Create | Villager (Male) |
| 1:31 | Create | Villager (Male) |
| 1:55 | Build | Lumber Camp |
| 2:03 | Create | Villager (Male) |
| 2:03 | Create | Villager (Male) |
| 2:23 | Create | Villager (Male) |
| 2:23 | Create | Villager (Male) |
| 2:51 | Create | Villager (Male) |
| 3:06 | Create | Villager (Male) |
| 3:07 | Create | Villager (Male) |
| 3:30 | Build | House |
| 3:39 | Create | Villager (Male) |
| 3:39 | Create | Villager (Male) |
| 4:01 | Create | Villager (Male) |
| 4:01 | Create | Villager (Male) |
| 4:09 | Build | Mill |
| 4:29 | Create | Villager (Male) |
| 4:29 | Create | Villager (Male) |
| 4:29 | Create | Villager (Male) |
| 4:51 | Create | Villager (Male) |
| 4:52 | Create | Villager (Male) |
| 5:12 | Create | Villager (Male) |
| 5:12 | Create | Villager (Male) |
| 5:34 | Build | House |
| 5:41 | Create | Villager (Male) |
| 5:41 | Create | Villager (Male) |
| 6:13 | Create | Villager (Male) |
| 6:35 | Create | Villager (Male) |
| 6:59 | Create | Villager (Male) |
| 7:24 | Build | Mining Camp |
| 7:51 | Create | Villager (Male) |
| 7:51 | Create | Villager (Male) |
| 8:28 | Research | Feudal Age |
| 8:54 | Build | Barracks |
| 9:06 | Build | Barracks |
| 9:10 | Create | Villager (Male) |
| 9:10 | Create | Villager (Male) |
| 10:38 | Age | Feudal Age |
| 10:45 | Build | Blacksmith |
| 11:03 | Research | Loom |
| 11:14 | Build | Stable |
| 11:49 | Build | House |
| 12:13 | Research | Castle Age |
| 12:19 | Build | Farm |
| 12:25 | Build | Farm |
| 12:51 | Build | Farm |
| 12:59 | Research | Double-Bit Axe |
| 13:39 | Build | Farm |
| 13:45 | Create | Villager (Male) |
| 13:45 | Create | Villager (Male) |
| 14:47 | Build | Farm |
| 14:53 | Age | Castle Age |
| 14:56 | Build | Town Center |
| 14:57 | Create | Villager (Male) |
| 15:05 | Create | Knight |
| 15:24 | Build | Farm |
| 15:26 | Build | Farm |
| 15:27 | Build | Farm |
| 15:38 | Create | Knight |
| 15:53 | Build | Farm |
| 15:56 | Build | Farm |
| 15:59 | Create | Villager (Male) |
| 16:21 | Create | Villager (Male) |
| 16:22 | Create | Villager (Male) |
| 16:23 | Create | Villager (Male) |
| 16:27 | Build | Farm |
| 16:45 | Build | House |
| 16:47 | Build | House |
| 16:48 | Build | House |
| 16:49 | Create | Villager (Male) |
| 16:53 | Create | Villager (Male) |
| 17:08 | Create | Villager (Male) |
| 17:12 | Build | Farm |
| 17:17 | Create | Villager (Male) |
| 17:21 | Build | Farm |
| 17:33 | Build | Farm |
| 17:35 | Create | Villager (Male) |
| 17:47 | Build | Farm |
| 17:48 | Create | Villager (Male) |
| 17:52 | Create | Villager (Male) |
| 17:53 | Create | Villager (Male) |
| 17:58 | Build | Farm |
| 18:23 | Create | Villager (Male) |
| 18:23 | Create | Villager (Male) |
| 18:34 | Build | Monastery |
| 18:35 | Create | Villager (Male) |
| 18:47 | Create | Villager (Male) |
| 18:53 | Build | Farm |
| 18:57 | Build | Farm |
| 18:59 | Create | Villager (Male) |
| 18:59 | Create | Villager (Male) |
| 19:22 | Create | Villager (Male) |
| 19:22 | Create | Villager (Male) |
| 19:26 | Build | Farm |
| 19:33 | Build | Farm |
| 19:34 | Build | Farm |
| 19:36 | Build | Farm |
| 19:38 | Create | Monk |
| 19:44 | Create | Villager (Male) |
| 19:44 | Create | Villager (Male) |
| 19:53 | Build | Town Center |
| 19:54 | Create | Villager (Male) |
| 19:54 | Create | Villager (Male) |
| 20:00 | Create | Villager (Male) |
| 20:32 | Create | Villager (Male) |
| 20:32 | Create | Villager (Male) |
| 20:34 | Build | Farm |
| 20:47 | Build | Market |
| 20:50 | Create | Villager (Male) |
| 20:50 | Create | Villager (Male) |
| 20:54 | Research | Gold Mining |
| 21:25 | Create | Villager (Male) |
| 21:25 | Create | Villager (Male) |
| 21:32 | Create | Villager (Male) |
| 21:32 | Create | Villager (Male) |
| 21:33 | Create | Villager (Male) |
| 21:33 | Create | Villager (Male) |
| 21:34 | Create | Villager (Male) |
| 21:44 | Build | Mill |
| 21:45 | Build | Farm |
| 21:47 | Build | Farm |
| 21:48 | Build | Farm |
| 21:50 | Build | Farm |
| 21:51 | Build | Farm |
| 21:55 | Create | Villager (Male) ×2 |
| 22:04 | Create | Villager (Male) |
| 22:17 | Build | Town Center |
| 22:20 | Create | Villager (Male) ×3 |
| 22:57 | Create | Villager (Male) |
| 22:58 | Create | Villager (Male) |
| 23:00 | Build | House |
| 23:02 | Build | House |
| 23:14 | Create | Scout Cavalry |
| 23:15 | Create | Scout Cavalry |
| 23:57 | Build | Mining Camp |
| 23:59 | Create | Villager (Male) |
| 23:59 | Create | Villager (Male) |
| 24:07 | Build | Farm |
| 24:08 | Build | Farm |
| 24:09 | Build | Farm |
| 24:11 | Build | Farm |
| 24:17 | Research | Bow Saw |
| 24:19 | Research | Stone Mining |
| 24:21 | Create | Villager (Male) ×5 |
| 24:55 | Build | Farm |
| 24:57 | Build | Farm |
| 25:00 | Create | Villager (Male) |
Build order — lolazoo0.kev
First 150 of 972 actions detected
| 0:01 | Create | Villager (Male) |
| 0:02 | Create | Villager (Male) |
| 0:02 | Create | Villager (Male) |
| 0:02 | Create | Villager (Male) |
| 0:04 | Build | House |
| 0:05 | Build | House |
| 1:38 | Create | Villager (Male) |
| 1:38 | Create | Villager (Male) |
| 1:38 | Create | Villager (Male) |
| 1:53 | Create | Villager (Male) |
| 1:53 | Create | Villager (Male) |
| 2:00 | Build | Lumber Camp |
| 2:08 | Build | Lumber Camp |
| 2:20 | Create | Villager (Male) |
| 2:20 | Create | Villager (Male) |
| 2:50 | Create | Villager (Male) |
| 2:51 | Create | Villager (Male) |
| 2:51 | Create | Villager (Male) |
| 3:12 | Create | Villager (Male) |
| 3:12 | Create | Villager (Male) |
| 3:25 | Create | Villager (Male) |
| 3:25 | Create | Villager (Male) |
| 3:30 | Build | House |
| 3:44 | Create | Villager (Male) |
| 3:44 | Create | Villager (Male) |
| 3:56 | Create | Villager (Male) |
| 3:57 | Create | Villager (Male) |
| 3:57 | Create | Villager (Male) |
| 4:16 | Create | Villager (Male) |
| 4:17 | Create | Villager (Male) |
| 4:24 | Build | Mill |
| 4:37 | Create | Villager (Male) |
| 5:17 | Create | Villager (Male) |
| 5:27 | Build | House |
| 6:15 | Build | Mill |
| 6:20 | Create | Villager (Male) |
| 6:22 | Create | Villager (Male) |
| 6:45 | Create | Villager (Male) |
| 7:51 | Create | Villager (Male) |
| 7:54 | Research | Feudal Age |
| 8:16 | Build | Mining Camp |
| 10:18 | Build | House |
| 10:24 | Create | Villager (Male) |
| 10:24 | Create | Villager (Male) |
| 10:26 | Age | Feudal Age |
| 10:31 | Build | Market |
| 10:38 | Build | Blacksmith |
| 10:44 | Build | Lumber Camp |
| 11:27 | Research | Castle Age |
| 11:28 | Research | Castle Age |
| 11:28 | Research | Castle Age |
| 11:49 | Build | Mining Camp |
| 11:55 | Build | Mining Camp |
| 12:15 | Research | Double-Bit Axe |
| 12:15 | Research | Double-Bit Axe |
| 12:32 | Research | Loom |
| 13:00 | Create | Villager (Male) |
| 14:07 | Age | Castle Age |
| 14:10 | Build | Monastery |
| 14:20 | Create | Villager (Male) |
| 14:21 | Create | Villager (Male) |
| 14:30 | Research | Bow Saw |
| 14:30 | Research | Bow Saw |
| 14:30 | Research | Bow Saw |
| 14:57 | Research | Fervor |
| 14:58 | Create | Monk |
| 15:18 | Create | Villager (Male) |
| 15:19 | Create | Villager (Male) |
| 15:19 | Create | Villager (Male) |
| 15:24 | Build | House |
| 15:44 | Build | Castle |
| 15:57 | Create | Villager (Male) |
| 16:14 | Create | Monk |
| 16:38 | Create | Monk |
| 16:42 | Create | Villager (Male) |
| 17:07 | Build | Monastery |
| 17:13 | Build | Siege Workshop |
| 17:35 | Build | Mining Camp |
| 17:46 | Create | Battering Ram |
| 17:47 | Create | Battering Ram |
| 17:47 | Create | Battering Ram |
| 18:23 | Create | Hussite Wagon |
| 18:23 | Create | Hussite Wagon |
| 18:23 | Create | Hussite Wagon |
| 18:37 | Create | Hussite Wagon |
| 18:38 | Create | Hussite Wagon |
| 18:38 | Create | Hussite Wagon |
| 18:46 | Create | Monk |
| 18:46 | Create | Monk |
| 18:47 | Create | Monk |
| 19:05 | Create | Hussite Wagon |
| 19:05 | Create | Hussite Wagon |
| 19:06 | Create | Hussite Wagon |
| 19:31 | Create | Villager (Male) |
| 19:32 | Create | Villager (Male) |
| 19:36 | Create | Hussite Wagon |
| 19:36 | Create | Hussite Wagon |
| 19:36 | Create | Hussite Wagon |
| 20:31 | Build | House |
| 20:36 | Research | Redemption |
| 20:36 | Research | Redemption |
| 20:42 | Create | Monk |
| 20:46 | Create | Hussite Wagon |
| 20:46 | Create | Hussite Wagon |
| 20:56 | Research | Town Watch |
| 20:57 | Research | Town Watch |
| 21:02 | Build | House |
| 21:06 | Create | Battering Ram |
| 21:06 | Create | Battering Ram |
| 21:06 | Create | Battering Ram |
| 21:16 | Create | Monk |
| 21:31 | Create | Hussite Wagon |
| 21:31 | Create | Hussite Wagon |
| 21:32 | Create | Hussite Wagon |
| 21:38 | Build | House |
| 22:07 | Build | House |
| 22:14 | Create | Villager (Male) |
| 22:14 | Create | Villager (Male) |
| 22:17 | Create | Villager (Male) |
| 22:40 | Build | Castle |
| 24:12 | Create | Hussite Wagon |
| 24:12 | Create | Hussite Wagon |
| 24:12 | Create | Hussite Wagon |
| 24:12 | Create | Hussite Wagon |
| 24:16 | Create | Villager (Male) |
| 24:16 | Create | Villager (Male) |
| 24:17 | Create | Villager (Male) |
| 24:17 | Create | Villager (Male) |
| 24:51 | Build | Mining Camp |
| 25:05 | Create | Battering Ram |
| 25:05 | Create | Battering Ram |
| 25:05 | Create | Battering Ram |
| 25:33 | Create | Villager (Male) |
| 25:33 | Create | Villager (Male) |
| 25:33 | Create | Villager (Male) |
| 25:34 | Create | Villager (Male) |
| 25:34 | Create | Villager (Male) |
| 25:34 | Create | Villager (Male) |
| 25:43 | Create | Hussite Wagon |
| 25:43 | Create | Hussite Wagon |
| 25:47 | Create | Villager (Male) |
| 26:01 | Build | Castle |
| 26:07 | Create | Villager (Male) |
| 26:07 | Create | Villager (Male) |
| 26:08 | Create | Villager (Male) |
| 26:08 | Create | Villager (Male) |
| 26:08 | Create | Villager (Male) |
| 26:12 | Build | Lumber Camp |
| 26:25 | Create | Battering Ram |
| 26:25 | Create | Battering Ram |
Match timeline
| 8:54 | 炸物好好吃 · first_building Barracks |
| 10:12 | 李雾月 · age_up feudal |
| 10:26 | lolazoo0.kev · age_up feudal |
| 10:38 | 炸物好好吃 · age_up feudal |
| 10:50 | Crawsack · age_up feudal |
| 11:14 | 炸物好好吃 · first_building Stable |
| 11:19 | lolazoo0.kev · first_market_buy 100 food |
| 11:20 | lolazoo0.kev · first_market_sell 100 wood |
| 11:21 | bullmeister · age_up feudal |
| 11:47 | Droopy · age_up feudal |
| 12:03 | LuLALa · age_up feudal |
| 12:37 | Crawsack · first_market_sell 100 wood |
| 12:42 | Crawsack · first_market_buy 100 food |
| 12:47 | LuLALa · wall_segment Palisade Wall x1 |
| 12:48 | LuLALa · wall_segment Palisade Wall x1 |
| 14:07 | lolazoo0.kev · age_up castle |
| 14:10 | lolazoo0.kev · first_building Monastery |
| 14:34 | 李雾月 · age_up castle |
| 14:53 | 炸物好好吃 · age_up castle |
| 14:58 | bullmeister · age_up castle |
| 15:20 | Droopy · age_up castle |
| 15:23 | Crawsack · age_up castle |
| 15:32 | 李雾月 · first_building Monastery |
| 15:37 | LuLALa · age_up castle |
| 15:40 | Droopy · first_building Monastery |
| 15:44 | lolazoo0.kev · first_building Castle |
| 15:45 | bullmeister · first_building Monastery |
| 15:48 | bullmeister · first_building Siege Workshop |
| 16:24 | LuLALa · first_building Siege Workshop |
| 17:03 | Droopy · first_market_buy 100 food |
| 17:13 | lolazoo0.kev · first_building Siege Workshop |
| 17:25 | SimmaHem7912 · first_market_buy 100 food |
| 17:32 | 李雾月 · first_building Siege Workshop |
| 17:51 | 李雾月 · wall_segment Stone Wall x7 |
| 18:00 | 李雾月 · wall_segment Stone Wall x7 |
| 18:13 | 李雾月 · first_market_sell 100 wood |
| 18:19 | 李雾月 · wall_segment Stone Wall x7 |
| 18:34 | 炸物好好吃 · first_building Monastery |
| 18:52 | 李雾月 · wall_segment Stone Wall x1 |
| 19:01 | 李雾月 · wall_segment Stone Wall x1 |
| 19:14 | LuLALa · first_building Barracks |
| 19:40 | 李雾月 · wall_segment Stone Wall x1 |
| 20:10 | LuLALa · first_building Stable |
| 20:54 | bullmeister · first_market_sell 100 wood |
| 21:40 | Droopy · first_building Barracks |
| 21:40 | Crawsack · first_building Castle |
| 21:53 | 炸物好好吃 · first_market_buy 100 stone |
| 22:33 | Droopy · first_building Siege Workshop |
| 22:35 | bullmeister · first_building Barracks |
| 22:59 | 李雾月 · wall_segment Stone Wall x9 |
| 23:23 | 李雾月 · first_market_buy 100 stone |
| 23:31 | 李雾月 · first_building Castle |
| 23:45 | SimmaHem7912 · first_building Siege Workshop |
| 23:45 | Droopy · first_building Stable |
| 23:51 | Droopy · first_market_sell 100 wood |
| 24:27 | 李雾月 · wall_segment Stone Wall x12 |
| 24:56 | SimmaHem7912 · first_building Barracks |
| 26:08 | SimmaHem7912 · first_building Archery Range |
| 26:22 | Droopy · first_building Castle |
| 26:35 | SimmaHem7912 · first_building Castle |
| 26:47 | Crawsack · first_building Siege Workshop |
| 27:15 | Droopy · age_up imperial |
| 27:38 | 炸物好好吃 · first_market_sell 100 wood |
| 27:39 | LuLALa · first_market_sell 100 wood |
| 27:40 | LuLALa · first_market_buy 100 stone |
| 28:02 | Crawsack · first_building Barracks |
| 28:56 | 炸物好好吃 · first_building Castle |
| 30:32 | bullmeister · wall_segment Stone Wall x1 |
| 31:01 | 炸物好好吃 · age_up imperial |
| 31:18 | Crawsack · age_up imperial |
| 31:34 | bullmeister · age_up imperial |
| 33:25 | 炸物好好吃 · tribute_sent a jugador 1 |
| 33:25 | 炸物好好吃 · tribute_sent a jugador 2 |
| 33:25 | 炸物好好吃 · tribute_sent a jugador 3 |
| 33:25 | 炸物好好吃 · tribute_sent a jugador 4 |
| 33:25 | 炸物好好吃 · tribute_sent a jugador 5 |
| 33:25 | 炸物好好吃 · tribute_sent a jugador 6 |
| 33:25 | 炸物好好吃 · tribute_sent a jugador 8 |
| 34:10 | lolazoo0.kev · first_building Barracks |
| 34:11 | LuLALa · first_building Castle |
| 34:49 | LuLALa · first_building Archery Range |
| 35:28 | 李雾月 · first_building Barracks |
| 35:39 | lolazoo0.kev · first_building Archery Range |
| 35:41 | 李雾月 · wall_segment Stone Wall x9 |
| 35:57 | 李雾月 · wall_segment Stone Wall x3 |
| 36:17 | 李雾月 · first_building Archery Range |
| 36:58 | SimmaHem7912 · first_market_sell 100 food |
| 37:17 | LuLALa · age_up imperial |
| 37:54 | lolazoo0.kev · age_up imperial |
| 39:22 | 李雾月 · wall_segment Stone Wall x1 |
| 39:24 | SimmaHem7912 · wall_segment Stone Wall x14 |
| 41:14 | SimmaHem7912 · tribute_sent a jugador 1 |
| 41:14 | SimmaHem7912 · tribute_sent a jugador 2 |
| 41:14 | SimmaHem7912 · tribute_sent a jugador 3 |
| 41:14 | SimmaHem7912 · tribute_sent a jugador 5 |
| 41:14 | SimmaHem7912 · tribute_sent a jugador 6 |
| 41:14 | SimmaHem7912 · tribute_sent a jugador 7 |
| 41:14 | SimmaHem7912 · tribute_sent a jugador 8 |
| 41:59 | Crawsack · tribute_sent a jugador 1 |
| 41:59 | Crawsack · tribute_sent a jugador 2 |
| 41:59 | Crawsack · tribute_sent a jugador 3 |
| 41:59 | Crawsack · tribute_sent a jugador 4 |
| 41:59 | Crawsack · tribute_sent a jugador 5 |
| 41:59 | Crawsack · tribute_sent a jugador 7 |
| 41:59 | Crawsack · tribute_sent a jugador 8 |
| 44:14 | 炸物好好吃 · first_building Archery Range |
| 47:07 | 炸物好好吃 · tribute_sent a jugador 1 |
| 47:07 | 炸物好好吃 · tribute_sent a jugador 2 |
| 47:07 | 炸物好好吃 · tribute_sent a jugador 3 |
| 47:07 | 炸物好好吃 · tribute_sent a jugador 4 |
| 47:07 | 炸物好好吃 · tribute_sent a jugador 5 |
| 47:07 | 炸物好好吃 · tribute_sent a jugador 6 |
| 47:07 | 炸物好好吃 · tribute_sent a jugador 8 |
| 48:17 | SimmaHem7912 · tribute_sent a jugador 1 |
| 48:17 | SimmaHem7912 · tribute_sent a jugador 2 |
| 48:17 | SimmaHem7912 · tribute_sent a jugador 3 |
| 48:17 | SimmaHem7912 · tribute_sent a jugador 5 |
| 48:17 | SimmaHem7912 · tribute_sent a jugador 6 |
| 48:17 | SimmaHem7912 · tribute_sent a jugador 7 |
| 48:17 | SimmaHem7912 · tribute_sent a jugador 8 |
| 48:49 | 李雾月 · age_up imperial |
| 48:49 | lolazoo0.kev · first_building Stable |
| 49:16 | bullmeister · first_building Castle |
| 50:10 | bullmeister · first_building Archery Range |
| 51:28 | SimmaHem7912 · first_building Stable |
| 61:23 | LuLALa · tribute_sent a jugador 1 |
| 61:23 | LuLALa · tribute_sent a jugador 2 |
| 61:23 | LuLALa · tribute_sent a jugador 3 |
| 61:23 | LuLALa · tribute_sent a jugador 4 |
| 61:23 | LuLALa · tribute_sent a jugador 6 |
| 61:23 | LuLALa · tribute_sent a jugador 7 |
| 61:23 | LuLALa · tribute_sent a jugador 8 |
| 62:43 | Droopy · tribute_sent a jugador 1 |
| 62:43 | Droopy · tribute_sent a jugador 2 |
| 62:43 | Droopy · tribute_sent a jugador 4 |
| 62:43 | Droopy · tribute_sent a jugador 5 |
| 62:43 | Droopy · tribute_sent a jugador 6 |
| 62:43 | Droopy · tribute_sent a jugador 7 |
| 62:43 | Droopy · tribute_sent a jugador 8 |
| 66:44 | SimmaHem7912 · tribute_sent a jugador 1 |
| 66:44 | SimmaHem7912 · tribute_sent a jugador 2 |
| 66:44 | SimmaHem7912 · tribute_sent a jugador 3 |
| 66:44 | SimmaHem7912 · tribute_sent a jugador 5 |
| 66:44 | SimmaHem7912 · tribute_sent a jugador 6 |
| 66:44 | SimmaHem7912 · tribute_sent a jugador 7 |
| 66:44 | SimmaHem7912 · tribute_sent a jugador 8 |
| 67:04 | bullmeister · wall_segment Stone Wall x5 |
| 67:36 | SimmaHem7912 · first_building Monastery |
| 69:06 | SimmaHem7912 · tribute_sent a jugador 1 |
| 69:06 | SimmaHem7912 · tribute_sent a jugador 2 |
| 69:06 | SimmaHem7912 · tribute_sent a jugador 3 |
| 69:06 | SimmaHem7912 · tribute_sent a jugador 5 |
| 69:06 | SimmaHem7912 · tribute_sent a jugador 6 |
| 69:06 | SimmaHem7912 · tribute_sent a jugador 7 |
| 69:06 | SimmaHem7912 · tribute_sent a jugador 8 |
| 70:28 | LuLALa · resign |
[ AI ANALYSIS · 1 CREDIT ]
What really happened in this match?
Wolo.gg analyzes every decision: build order, eco, micro, common mistakes by bracket. Personalized analysis on WhatsApp or Discord in 30 seconds.
Civ guide
Aztecs
Perfil
Jugador #306298